Avalanche vs Bruins

Created - December 9, 2023 at 00:40

Goals
1 2 3 T
Avalanche 1 2 0 3
Bruins 2 0 2 4
Shots
1 2 3 T
Avalanche 9 11 10 30
Bruins 13 13 11 37

GoalsPenalties
1st period
1. Bruins , Alex Iafallo 9 (Brett Pesce 13) at 3:03 (SH)
2. Avalanche , Troy Terry 12 (Josh Norris 9) at 4:30
3. Bruins , Alex Iafallo 10 (Yegor Sharangovich 13, T.J. Brodie 17) at 13:20
Jamie Oleksiak (BOS) for Hooking (Minor) at 2:00
Nick Bjugstad (COL) for Tripping (Minor) at 6:37
2nd period
4. Avalanche , Tim Stutzle 15 (Troy Terry 10) at 0:23
5. Avalanche , Mikko Rantanen 14 (Adam Henrique 15) at 19:28
Colton Parayko (COL) for High sticking (Minor) at 6:20
Nicolas Roy (BOS) for Interference (Minor) at 13:45
Nick Bjugstad (COL) for Holding (Minor) at 16:10
3rd period
6. Bruins , Cam Fowler 2 (Charlie Coyle 8) at 15:06
7. Bruins , T.J. Brodie 5 (Tom Wilson 14) at 19:14
Arber Xhekaj (COL) for Slashing (Minor) at 1:37
Ross Colton (COL) for Tripping (Minor) at 11:48
Colton Parayko (COL) for Hooking (Minor) at 19:35
Goalie Stats
Juuse Saros (COL), 33 saves from 37 shots - (0.892), L, 10-6-1, 60:00 minutes
Jake Allen (BOS), 27 saves from 30 shots - (0.900), W, 6-1-0, 60:00 minutes
3 StarsOfficial
1 - T.J. Brodie (BOS)
2 - Alex Iafallo (BOS)
3 - Troy Terry (COL)
Referees : Tom Chmielewski and Peter MacDougall
Linesman : Trent Knorr and Kyle Larson
Game Note
No Game Note
Finance
Level 1 -- Attendance: 5516 (91.93%) -- Ticket Income $650,888
Level 2 -- Attendance: 4643 (92.86%) -- Ticket Income $348,225
Level 3 -- Attendance: 3500 (100.00%) -- Ticket Income $168,000
Level 4 -- Attendance: 2655 (83.49%) -- Ticket Income $79,650
Luxury Box -- Attendance: 1000 (100.00%) -- Ticket Income $211,000
Game was played at the TD Garden.
Total Attendance: 17314 (92.69%)
Total Ticket Income: $1,457,763
Other Income: $364,441
Total Income: $1,822,204



Team Name Goals Shots Shots Attemp Shots Blocked PIM HIT PP PK FO%
Avalanche 33064412220 / 2 (0%)057%
Bruins 43769104160 / 6 (0%)043%

Avalanche
Player Name POS G A P +/- PIM HIT SHT SB MP PP MP PP SHT PK MP PK SHT FO% FOT
Adam HenriqueC011-1012016:252:0202:15067% 21
Arber XhekajD000-1210011:240:0000:0000% 0
Blake WheelerRW000-1011012:070:0000:0000% 0
Colton ParaykoD0001430119:112:2100:0000% 0
Connor DewarC000-1012015:170:0006:300100% 1
Jonathan ToewsC000-1022118:340:0006:27161% 33
Josh NorrisC0112004014:371:5610:00050% 18
Max PaciorettyLW000-2032013:441:3700:0000% 1
Michael AndersonD000-1011119:230:0004:3900% 0
Mike MathesonD0000001019:070:0004:3900% 0
Mikko RantanenRW101-1025014:312:0200:000100% 1
Nick BjugstadC000-1411011:020:0002:1700% 0
Patrik LaineLW0000003014:041:5610:0000% 0
Ross ColtonC000-1202011:260:0002:40136% 14
Tim StutzleLW1011042015:122:0210:290100% 1
Travis SanheimD0001000124:322:2105:4000% 0
Troy TerryRW1122002014:161:5600:000100% 1
Tyler MyersD000-1020024:431:3705:4000% 0
Bruins
Player Name POS G A P +/- PIM HIT SHT SB MP PP MP PP SHT PK MP PK SHT FO% FOT
Alex IafalloLW2021006017:220:0002:00150% 2
Anze KopitarC000-2004020:345:0410:00038% 29
Brady SkjeiD000-1020223:315:4901:0500% 0
Brett PesceD0113011017:150:0001:3700% 0
Bryan RustRW000-2022021:055:3510:00025% 4
Cam FowlerD101-1009324:475:4952:2100% 0
Charlie CoyleC0112001117:100:0001:58050% 20
Dmitry KulikovD000-1011217:584:3000:0000% 0
Jamie OleksiakD000-1220011:200:0001:1300% 0
Josh MansonD000000003:230:0000:0300% 0
Nick PaulLW000001216:530:0002:00029% 7
Nicolas RoyC0001210014:514:4400:00042% 24
T.J. BrodieD1123016021:454:3041:3700% 0
Tom WilsonRW0112022120:065:1510:000100% 3
Trevor ZegrasC000-2000019:464:1600:0000% 1
Tyler BertuzziLW0002011019:555:0400:0000% 0
Yegor SharangovichC0111021013:260:5901:5800% 0
Zach PariseLW000-100104:530:0000:000100% 1



Play-by-Play

1st period


0:01 of 1st period - Josh Norris wins face-off versus Anze Kopitar in neutral zone.
0:28 of 1st period - Shot by Josh Norris.
0:28 of 1st period - Stopped by Jake Allen without a rebound.
0:29 of 1st period - Charlie Coyle wins face-off versus Adam Henrique in Bruins zone.
0:29 of 1st period - T.J. Brodie is hit by Adam Henrique and loses puck.
0:58 of 1st period - Shot by Charlie Coyle.
0:58 of 1st period - Shot Misses the Net.
1:12 of 1st period - Shot by Patrik Laine.
1:12 of 1st period - Stopped by Jake Allen with a rebound.
1:47 of 1st period - Shot by Blake Wheeler.
1:47 of 1st period - Shot Misses the Net.
2:00 of 1st period - Minor Penalty to Jamie Oleksiak for Hooking.
2:01 of 1st period - Josh Norris wins face-off versus Charlie Coyle in Bruins zone.
2:02 of 1st period - Shot by Travis Sanheim.
2:02 of 1st period - Shot Misses the Net.
2:04 of 1st period - Shot by Troy Terry.
2:04 of 1st period - Shot Misses the Net.
2:06 of 1st period - Shot by Travis Sanheim.
2:06 of 1st period - Shot Blocked by Cam Fowler.
2:21 of 1st period - Shot by Troy Terry.
2:21 of 1st period - Shot Blocked by Cam Fowler.
2:23 of 1st period - Shot by Patrik Laine.
2:23 of 1st period - Stopped by Jake Allen with a rebound.
2:25 of 1st period - Shot by Colton Parayko.
2:25 of 1st period - Shot Misses the Net.
2:53 of 1st period - Shot by Tim Stutzle.
2:53 of 1st period - Stopped by Jake Allen without a rebound.
2:54 of 1st period - Nick Paul wins face-off versus Adam Henrique in Bruins zone.
3:03 of 1st period - Shot by Alex Iafallo.
3:03 of 1st period - Goal by Alex Iafallo - Avalanche : 0 - Bruins : 1.
3:04 of 1st period - Adam Henrique wins face-off versus Nick Paul in neutral zone.
3:49 of 1st period - Icing by Tyler Myers.
3:50 of 1st period - Josh Norris wins face-off versus Nick Paul in Avalanche zone.
4:18 of 1st period - Shot by Bryan Rust.
4:18 of 1st period - Deflect By Trevor Zegras.
4:18 of 1st period - Shot Misses the Net.
4:28 of 1st period - Shot by Nick Bjugstad.
4:28 of 1st period - Stopped by Jake Allen without a rebound.
4:29 of 1st period - Josh Norris wins face-off versus Nick Paul in Bruins zone.
4:30 of 1st period - Shot by Troy Terry.
4:30 of 1st period - Goal by Troy Terry - Avalanche : 1 - Bruins : 1.
4:31 of 1st period - Josh Norris wins face-off versus Charlie Coyle in neutral zone.
4:52 of 1st period - Shot by Charlie Coyle.
4:52 of 1st period - Deflect By Tyler Bertuzzi.
4:52 of 1st period - Stopped by Juuse Saros without a rebound.
4:53 of 1st period - Anze Kopitar wins face-off versus Jonathan Toews in Avalanche zone.
4:54 of 1st period - Shot by Bryan Rust.
4:54 of 1st period - Shot Misses the Net.
4:56 of 1st period - Shot by Anze Kopitar.
4:56 of 1st period - Stopped by Juuse Saros without a rebound.
4:57 of 1st period - Jonathan Toews wins face-off versus Anze Kopitar in Avalanche zone.
5:02 of 1st period - Trevor Zegras is hit by Blake Wheeler and loses puck.
5:18 of 1st period - Bryan Rust is hit by Max Pacioretty and loses puck.
5:59 of 1st period - Icing by Brady Skjei.
6:00 of 1st period - Josh Norris wins face-off versus Anze Kopitar in Bruins zone.
6:02 of 1st period - Troy Terry is hit by Brady Skjei and loses puck.
6:08 of 1st period - Icing by Brady Skjei.
6:09 of 1st period - Ross Colton wins face-off versus Anze Kopitar in Bruins zone.
6:17 of 1st period - Brady Skjei is hit by Nick Bjugstad and loses puck.
6:37 of 1st period - Minor Penalty to Nick Bjugstad for Tripping.
6:38 of 1st period - Connor Dewar wins face-off versus Nicolas Roy in Avalanche zone.
6:51 of 1st period - Shot by T.J. Brodie.
6:51 of 1st period - Stopped by Juuse Saros with a rebound.
6:53 of 1st period - Shot by Tom Wilson.
6:53 of 1st period - Stopped by Juuse Saros without a rebound.
6:54 of 1st period - Jonathan Toews wins face-off versus Nicolas Roy in Avalanche zone.
6:54 of 1st period - Jonathan Toews is hit by Tom Wilson.
7:58 of 1st period - Shot by Brady Skjei.
7:58 of 1st period - Shot Blocked by Michael Anderson.
8:34 of 1st period - Shot by T.J. Brodie.
8:34 of 1st period - Shot Misses the Net.
8:36 of 1st period - Shot by Tom Wilson.
8:36 of 1st period - Shot Misses the Net.
8:46 of 1st period - Shot by Mikko Rantanen.
8:46 of 1st period - Shot Blocked by Nick Paul.
8:50 of 1st period - Shot by Adam Henrique.
8:50 of 1st period - Stopped by Jake Allen without a rebound.
8:51 of 1st period - Zach Parise wins face-off versus Josh Norris in Bruins zone.
8:56 of 1st period - Travis Sanheim is hit by Jamie Oleksiak and loses puck.
9:17 of 1st period - Shot by Zach Parise.
9:17 of 1st period - Shot Blocked by Travis Sanheim.
9:19 of 1st period - Shot by Zach Parise.
9:19 of 1st period - Deflect By Alex Iafallo.
9:19 of 1st period - Shot Misses the Net.
9:21 of 1st period - Shot by Zach Parise.
9:21 of 1st period - Deflect By Nick Paul.
9:21 of 1st period - Shot Blocked by Colton Parayko.
9:23 of 1st period - Shot by Nick Paul.
9:23 of 1st period - Stopped by Juuse Saros with a rebound.
9:51 of 1st period - Shot by Patrik Laine.
9:51 of 1st period - Shot Misses the Net.
9:53 of 1st period - Shot by Mike Matheson.
9:53 of 1st period - Shot Misses the Net.
9:59 of 1st period - Shot by Adam Henrique.
9:59 of 1st period - Shot Misses the Net.
10:07 of 1st period - Shot by Adam Henrique.
10:07 of 1st period - Shot Blocked by Charlie Coyle.
10:17 of 1st period - Shot by Mikko Rantanen.
10:17 of 1st period - Shot Misses the Net.
10:24 of 1st period - Adam Henrique is hit by T.J. Brodie and loses puck.
11:03 of 1st period - Shot by Anze Kopitar.
11:03 of 1st period - Shot Misses the Net.
11:13 of 1st period - Shot by Cam Fowler.
11:13 of 1st period - Stopped by Juuse Saros without a rebound.
11:14 of 1st period - Nicolas Roy wins face-off versus Ross Colton in Avalanche zone.
11:30 of 1st period - Icing by Travis Sanheim.
11:31 of 1st period - Nick Paul wins face-off versus Ross Colton in Avalanche zone.
11:38 of 1st period - Shot by Nick Paul.
11:38 of 1st period - Stopped by Juuse Saros without a rebound.
11:39 of 1st period - Anze Kopitar wins face-off versus Josh Norris in Avalanche zone.
12:06 of 1st period - Shot by Tim Stutzle.
12:06 of 1st period - Shot Misses the Net.
12:08 of 1st period - Shot by Mike Matheson.
12:08 of 1st period - Shot Blocked by Dmitry Kulikov.
12:10 of 1st period - Shot by Tyler Myers.
12:10 of 1st period - Shot Blocked by Dmitry Kulikov.
12:24 of 1st period - Shot by Troy Terry.
12:24 of 1st period - Shot Misses the Net.
12:44 of 1st period - Shot by Ross Colton.
12:44 of 1st period - Stopped by Jake Allen without a rebound.
12:45 of 1st period - Adam Henrique wins face-off versus Nicolas Roy in Bruins zone.
13:12 of 1st period - Shot by Mikko Rantanen.
13:12 of 1st period - Shot Misses the Net.
13:18 of 1st period - Shot by Alex Iafallo.
13:18 of 1st period - Shot Hit the Post.
13:20 of 1st period - Shot by Alex Iafallo.
13:20 of 1st period - Goal by Alex Iafallo - Avalanche : 1 - Bruins : 2.
13:21 of 1st period - Jonathan Toews wins face-off versus Charlie Coyle in neutral zone.
13:37 of 1st period - Tyler Bertuzzi is hit by Max Pacioretty and loses puck.
14:02 of 1st period - Shot by Tom Wilson.
14:02 of 1st period - Stopped by Juuse Saros without a rebound.
14:03 of 1st period - Tim Stutzle wins face-off versus Nicolas Roy in Avalanche zone.
14:03 of 1st period - Tim Stutzle is hit by Nicolas Roy.
14:24 of 1st period - Shot by Nicolas Roy.
14:24 of 1st period - Deflect By Alex Iafallo.
14:24 of 1st period - Stopped by Juuse Saros without a rebound.
14:25 of 1st period - Ross Colton wins face-off versus Anze Kopitar in Avalanche zone.
16:56 of 1st period - Icing by Tim Stutzle.
16:57 of 1st period - Anze Kopitar wins face-off versus Josh Norris in Avalanche zone.
17:24 of 1st period - Shot by Trevor Zegras.
17:24 of 1st period - Shot Misses the Net.
17:34 of 1st period - Shot by Trevor Zegras.
17:34 of 1st period - Deflect By Bryan Rust.
17:34 of 1st period - Stopped by Juuse Saros without a rebound.
17:35 of 1st period - Nicolas Roy wins face-off versus Jonathan Toews in Avalanche zone.
17:58 of 1st period - Shot by Yegor Sharangovich.
17:58 of 1st period - Stopped by Juuse Saros without a rebound.
17:59 of 1st period - Charlie Coyle wins face-off versus Ross Colton in Avalanche zone.
17:59 of 1st period - Charlie Coyle is hit by Colton Parayko.
18:10 of 1st period - Ross Colton is hit by Brett Pesce and loses puck.
18:15 of 1st period - Shot by Connor Dewar.
18:15 of 1st period - Shot Misses the Net.
18:17 of 1st period - Shot by Connor Dewar.
18:17 of 1st period - Stopped by Jake Allen without a rebound.
18:18 of 1st period - Jonathan Toews wins face-off versus Nicolas Roy in Bruins zone.
18:27 of 1st period - Max Pacioretty is hit by Yegor Sharangovich and loses puck.
19:11 of 1st period - Yegor Sharangovich is hit by Tyler Myers and loses puck.
Goals for this period are 1 for Avalanche vs 2 for Bruins.
Shots for this period are 9 for Avalanche vs 13 for Bruins.

2nd period


0:01 of 2nd period - Charlie Coyle wins face-off versus Ross Colton in neutral zone.
0:11 of 2nd period - Shot by Nick Bjugstad.
0:11 of 2nd period - Shot Misses the Net.
0:13 of 2nd period - Shot by Nick Bjugstad.
0:13 of 2nd period - Deflect By Ross Colton.
0:13 of 2nd period - Shot Misses the Net.
0:15 of 2nd period - Shot by Michael Anderson.
0:15 of 2nd period - Stopped by Jake Allen without a rebound.
0:16 of 2nd period - Troy Terry wins face-off versus Anze Kopitar in Bruins zone.
0:17 of 2nd period - Shot by Tim Stutzle.
0:17 of 2nd period - Shot Hit the Post.
0:19 of 2nd period - Shot by Tim Stutzle.
0:19 of 2nd period - Shot Misses the Net.
0:23 of 2nd period - Shot by Tim Stutzle.
0:23 of 2nd period - Goal by Tim Stutzle - Avalanche : 2 - Bruins : 2.
0:24 of 2nd period - Adam Henrique wins face-off versus Anze Kopitar in neutral zone.
0:47 of 2nd period - Shot by Mikko Rantanen.
0:47 of 2nd period - Stopped by Jake Allen without a rebound.
0:48 of 2nd period - Ross Colton wins face-off versus Charlie Coyle in Bruins zone.
1:13 of 2nd period - Colton Parayko is hit by Tom Wilson and loses puck.
1:42 of 2nd period - Cam Fowler is hit by Tim Stutzle.
1:55 of 2nd period - Tim Stutzle is hit by Jamie Oleksiak and loses puck.
2:00 of 2nd period - Shot by Josh Norris.
2:00 of 2nd period - Stopped by Jake Allen without a rebound.
2:01 of 2nd period - Alex Iafallo wins face-off versus Max Pacioretty in Bruins zone.
2:18 of 2nd period - Alex Iafallo is hit by Max Pacioretty and loses puck.
2:35 of 2nd period - Shot by Max Pacioretty.
2:35 of 2nd period - Stopped by Jake Allen with a rebound.
2:54 of 2nd period - Off-side.
2:55 of 2nd period - Adam Henrique wins face-off versus Anze Kopitar in neutral zone.
3:00 of 2nd period - Bryan Rust is hit by Mikko Rantanen.
3:15 of 2nd period - Trevor Zegras is hit by Colton Parayko and loses puck.
4:37 of 2nd period - Shot by Tim Stutzle.
4:37 of 2nd period - Shot Misses the Net.
5:13 of 2nd period - Shot by Yegor Sharangovich.
5:13 of 2nd period - Deflect By Alex Iafallo.
5:13 of 2nd period - Shot Misses the Net.
5:43 of 2nd period - Yegor Sharangovich is hit by Jonathan Toews and loses puck.
6:20 of 2nd period - Minor Penalty to Colton Parayko for High sticking.
6:21 of 2nd period - Adam Henrique wins face-off versus Anze Kopitar in Avalanche zone.
6:21 of 2nd period - Adam Henrique is hit by Tyler Bertuzzi.
6:44 of 2nd period - Shot by Cam Fowler.
6:44 of 2nd period - Stopped by Juuse Saros without a rebound.
6:45 of 2nd period - Nicolas Roy wins face-off versus Jonathan Toews in Avalanche zone.
6:46 of 2nd period - Shot by T.J. Brodie.
6:46 of 2nd period - Stopped by Juuse Saros without a rebound.
6:47 of 2nd period - Nicolas Roy wins face-off versus Jonathan Toews in Avalanche zone.
6:51 of 2nd period - Trevor Zegras is hit by Tyler Myers and loses puck.
7:38 of 2nd period - Nick Bjugstad is hit by Bryan Rust and loses puck.
7:51 of 2nd period - Shot by Anze Kopitar.
7:51 of 2nd period - Stopped by Juuse Saros without a rebound.
7:52 of 2nd period - Anze Kopitar wins face-off versus Jonathan Toews in Avalanche zone.
9:40 of 2nd period - Shot by Tim Stutzle.
9:40 of 2nd period - Shot Misses the Net.
10:20 of 2nd period - Shot by Nick Bjugstad.
10:20 of 2nd period - Shot Blocked by Brady Skjei.
10:28 of 2nd period - Shot by Ross Colton.
10:28 of 2nd period - Shot Blocked by Brady Skjei.
10:30 of 2nd period - Shot by Ross Colton.
10:30 of 2nd period - Shot Blocked by Cam Fowler.
11:03 of 2nd period - Off-side.
11:04 of 2nd period - Charlie Coyle wins face-off versus Adam Henrique in neutral zone.
11:11 of 2nd period - Shot by Charlie Coyle.
11:11 of 2nd period - Stopped by Juuse Saros without a rebound.
11:12 of 2nd period - Charlie Coyle wins face-off versus Josh Norris in Avalanche zone.
11:12 of 2nd period - Brett Pesce is hit by Arber Xhekaj and loses puck.
11:28 of 2nd period - Icing by T.J. Brodie.
11:29 of 2nd period - Adam Henrique wins face-off versus Charlie Coyle in Bruins zone.
11:32 of 2nd period - Shot by Mikko Rantanen.
11:32 of 2nd period - Shot Misses the Net.
11:39 of 2nd period - Icing by Brett Pesce.
11:40 of 2nd period - Charlie Coyle wins face-off versus Josh Norris in Bruins zone.
12:39 of 2nd period - Shot by Anze Kopitar.
12:39 of 2nd period - Stopped by Juuse Saros without a rebound.
12:40 of 2nd period - Nicolas Roy wins face-off versus Adam Henrique in Avalanche zone.
12:45 of 2nd period - Shot by Alex Iafallo.
12:45 of 2nd period - Stopped by Juuse Saros with a rebound.
12:47 of 2nd period - Shot by Alex Iafallo.
12:47 of 2nd period - Stopped by Juuse Saros without a rebound.
12:48 of 2nd period - Bryan Rust wins face-off versus Jonathan Toews in Avalanche zone.
12:48 of 2nd period - Bryan Rust is hit by Michael Anderson.
13:24 of 2nd period - Icing by Tyler Myers.
13:25 of 2nd period - Nicolas Roy wins face-off versus Jonathan Toews in Avalanche zone.
13:30 of 2nd period - Shot by Alex Iafallo.
13:30 of 2nd period - Shot Misses the Net.
13:45 of 2nd period - Minor Penalty to Nicolas Roy for Interference.
13:46 of 2nd period - Adam Henrique wins face-off versus Charlie Coyle in Bruins zone.
15:01 of 2nd period - Shot by Josh Norris.
15:01 of 2nd period - Stopped by Jake Allen without a rebound.
15:02 of 2nd period - Josh Norris wins face-off versus Nick Paul in Bruins zone.
15:15 of 2nd period - Shot by Troy Terry.
15:15 of 2nd period - Shot Misses the Net.
15:31 of 2nd period - Shot by Josh Norris.
15:31 of 2nd period - Shot Misses the Net.
15:51 of 2nd period - Shot by Dmitry Kulikov.
15:51 of 2nd period - Stopped by Juuse Saros without a rebound.
15:52 of 2nd period - Anze Kopitar wins face-off versus Ross Colton in Avalanche zone.
16:10 of 2nd period - Minor Penalty to Nick Bjugstad for Holding.
16:11 of 2nd period - Jonathan Toews wins face-off versus Nicolas Roy in Avalanche zone.
16:34 of 2nd period - Shot by Brady Skjei.
16:34 of 2nd period - Shot Misses the Net.
16:50 of 2nd period - Shot by Adam Henrique.
16:50 of 2nd period - Deflect By Ross Colton.
16:50 of 2nd period - Stopped by Jake Allen without a rebound.
16:51 of 2nd period - Anze Kopitar wins face-off versus Jonathan Toews in Bruins zone.
16:51 of 2nd period - Bryan Rust is hit by Connor Dewar and loses puck.
17:02 of 2nd period - Shot by T.J. Brodie.
17:02 of 2nd period - Stopped by Juuse Saros without a rebound.
17:03 of 2nd period - Anze Kopitar wins face-off versus Jonathan Toews in Avalanche zone.
17:26 of 2nd period - Shot by T.J. Brodie.
17:26 of 2nd period - Shot Misses the Net.
17:28 of 2nd period - Shot by Bryan Rust.
17:28 of 2nd period - Shot Misses the Net.
17:40 of 2nd period - Shot by Anze Kopitar.
17:40 of 2nd period - Deflect By Tyler Bertuzzi.
17:40 of 2nd period - Shot Blocked by Jonathan Toews.
17:42 of 2nd period - Shot by Bryan Rust.
17:42 of 2nd period - Shot Misses the Net.
17:44 of 2nd period - Shot by T.J. Brodie.
17:44 of 2nd period - Stopped by Juuse Saros without a rebound.
17:45 of 2nd period - Ross Colton wins face-off versus Nicolas Roy in Avalanche zone.
18:03 of 2nd period - Shot by Cam Fowler.
18:03 of 2nd period - Stopped by Juuse Saros without a rebound.
18:04 of 2nd period - Nicolas Roy wins face-off versus Adam Henrique in Avalanche zone.
18:19 of 2nd period - Shot by Zach Parise.
18:19 of 2nd period - Stopped by Juuse Saros with a rebound.
18:21 of 2nd period - Shot by Brett Pesce.
18:21 of 2nd period - Stopped by Juuse Saros without a rebound.
18:22 of 2nd period - Adam Henrique wins face-off versus Anze Kopitar in Avalanche zone.
18:22 of 2nd period - Adam Henrique is hit by Bryan Rust.
18:27 of 2nd period - Off-side.
18:28 of 2nd period - Adam Henrique wins face-off versus Bryan Rust in neutral zone.
18:52 of 2nd period - Shot by Patrik Laine.
18:52 of 2nd period - Deflect By Mikko Rantanen.
18:52 of 2nd period - Stopped by Jake Allen with a rebound.
18:54 of 2nd period - Shot by Tyler Myers.
18:54 of 2nd period - Shot Misses the Net.
18:56 of 2nd period - Shot by Adam Henrique.
18:56 of 2nd period - Stopped by Jake Allen without a rebound.
18:57 of 2nd period - Charlie Coyle wins face-off versus Jonathan Toews in Bruins zone.
18:57 of 2nd period - Charlie Coyle is hit by Jonathan Toews.
19:06 of 2nd period - Tom Wilson is hit by Colton Parayko and loses puck.
19:25 of 2nd period - Shot by Max Pacioretty.
19:25 of 2nd period - Stopped by Jake Allen without a rebound.
19:26 of 2nd period - Adam Henrique wins face-off versus Anze Kopitar in Bruins zone.
19:26 of 2nd period - Adam Henrique is hit by Brady Skjei.
19:28 of 2nd period - Shot by Mikko Rantanen.
19:28 of 2nd period - Goal by Mikko Rantanen - Avalanche : 3 - Bruins : 2.
19:29 of 2nd period - Adam Henrique wins face-off versus Nicolas Roy in neutral zone.
Goals for this period are 2 for Avalanche vs 0 for Bruins.
Shots for this period are 11 for Avalanche vs 13 for Bruins.

3rd period


0:01 of 3rd period - Anze Kopitar wins face-off versus Ross Colton in neutral zone.
1:16 of 3rd period - Shot by Troy Terry.
1:16 of 3rd period - Stopped by Jake Allen with a rebound.
1:18 of 3rd period - Shot by Josh Norris.
1:18 of 3rd period - Shot Blocked by Tom Wilson.
1:20 of 3rd period - Shot by Mike Matheson.
1:20 of 3rd period - Stopped by Jake Allen without a rebound.
1:21 of 3rd period - Mikko Rantanen wins face-off versus Alex Iafallo in Bruins zone.
1:37 of 3rd period - Minor Penalty to Arber Xhekaj for Slashing.
1:38 of 3rd period - Nicolas Roy wins face-off versus Jonathan Toews in Avalanche zone.
2:03 of 3rd period - Shot by Jonathan Toews.
2:03 of 3rd period - Stopped by Jake Allen without a rebound.
2:04 of 3rd period - Jonathan Toews wins face-off versus Anze Kopitar in Bruins zone.
2:04 of 3rd period - Mike Matheson is hit by Dmitry Kulikov and loses puck.
2:07 of 3rd period - Shot by Michael Anderson.
2:07 of 3rd period - Shot Misses the Net.
2:40 of 3rd period - Shot by Tyler Bertuzzi.
2:40 of 3rd period - Shot Misses the Net.
2:42 of 3rd period - Shot by Anze Kopitar.
2:42 of 3rd period - Deflect By Bryan Rust.
2:42 of 3rd period - Stopped by Juuse Saros without a rebound.
2:43 of 3rd period - Jonathan Toews wins face-off versus Nicolas Roy in Avalanche zone.
2:51 of 3rd period - Off-side.
2:52 of 3rd period - Jonathan Toews wins face-off versus Nicolas Roy in neutral zone.
2:58 of 3rd period - Icing by Cam Fowler.
2:59 of 3rd period - Jonathan Toews wins face-off versus Nicolas Roy in Bruins zone.
3:46 of 3rd period - Shot by Alex Iafallo.
3:46 of 3rd period - Stopped by Juuse Saros without a rebound.
3:47 of 3rd period - Adam Henrique wins face-off versus Nick Paul in Avalanche zone.
3:47 of 3rd period - Adam Henrique is hit by Nick Paul.
4:14 of 3rd period - Icing by Tyler Myers.
4:15 of 3rd period - Adam Henrique wins face-off versus Charlie Coyle in Avalanche zone.
4:59 of 3rd period - Shot by Tom Wilson.
4:59 of 3rd period - Shot Misses the Net.
5:29 of 3rd period - Icing by Tyler Myers.
5:30 of 3rd period - Anze Kopitar wins face-off versus Adam Henrique in Avalanche zone.
6:12 of 3rd period - Icing by T.J. Brodie.
6:13 of 3rd period - Anze Kopitar wins face-off versus Josh Norris in Bruins zone.
6:13 of 3rd period - Anze Kopitar is hit by Tim Stutzle.
6:35 of 3rd period - Brett Pesce is hit by Tim Stutzle and loses puck.
7:04 of 3rd period - Off-side.
7:05 of 3rd period - Jonathan Toews wins face-off versus Nicolas Roy in neutral zone.
7:20 of 3rd period - Jonathan Toews is hit by Yegor Sharangovich and loses puck.
8:02 of 3rd period - Icing by Jonathan Toews.
8:03 of 3rd period - Tom Wilson wins face-off versus Jonathan Toews in Avalanche zone.
8:06 of 3rd period - Shot by Tyler Bertuzzi.
8:06 of 3rd period - Shot Misses the Net.
9:55 of 3rd period - Icing by Mike Matheson.
9:56 of 3rd period - Nicolas Roy wins face-off versus Josh Norris in Avalanche zone.
10:07 of 3rd period - Shot by Alex Iafallo.
10:07 of 3rd period - Deflect By Nicolas Roy.
10:07 of 3rd period - Shot Misses the Net.
10:50 of 3rd period - Shot by Jonathan Toews.
10:50 of 3rd period - Shot Misses the Net.
11:41 of 3rd period - Shot by Connor Dewar.
11:41 of 3rd period - Stopped by Jake Allen with a rebound.
11:48 of 3rd period - Minor Penalty to Ross Colton for Tripping.
11:49 of 3rd period - Jonathan Toews wins face-off versus Bryan Rust in Avalanche zone.
12:04 of 3rd period - Shot by Cam Fowler.
12:04 of 3rd period - Stopped by Juuse Saros with a rebound.
12:06 of 3rd period - Shot by Cam Fowler.
12:06 of 3rd period - Stopped by Juuse Saros without a rebound.
12:07 of 3rd period - Jonathan Toews wins face-off versus Bryan Rust in Avalanche zone.
12:35 of 3rd period - Shot by Cam Fowler.
12:35 of 3rd period - Shot Misses the Net.
12:37 of 3rd period - Shot by Cam Fowler.
12:37 of 3rd period - Stopped by Juuse Saros without a rebound.
12:38 of 3rd period - Jonathan Toews wins face-off versus Anze Kopitar in Avalanche zone.
13:40 of 3rd period - Icing by Brady Skjei.
13:41 of 3rd period - Jonathan Toews wins face-off versus Nicolas Roy in Bruins zone.
13:53 of 3rd period - Shot by Cam Fowler.
13:53 of 3rd period - Stopped by Juuse Saros with a rebound.
13:55 of 3rd period - Shot by Cam Fowler.
13:55 of 3rd period - Shot Misses the Net.
14:09 of 3rd period - Shot by Cam Fowler.
14:09 of 3rd period - Stopped by Juuse Saros without a rebound.
14:10 of 3rd period - Adam Henrique wins face-off versus Nicolas Roy in Avalanche zone.
14:15 of 3rd period - Nicolas Roy is hit by Mikko Rantanen and loses puck.
14:48 of 3rd period - Shot by Patrik Laine.
14:48 of 3rd period - Stopped by Jake Allen without a rebound.
14:49 of 3rd period - Jonathan Toews wins face-off versus Charlie Coyle in Bruins zone.
14:54 of 3rd period - Shot by Jonathan Toews.
14:54 of 3rd period - Stopped by Jake Allen without a rebound.
14:55 of 3rd period - Jonathan Toews wins face-off versus Charlie Coyle in Bruins zone.
15:04 of 3rd period - Shot by Charlie Coyle.
15:04 of 3rd period - Shot Misses the Net.
15:06 of 3rd period - Shot by Cam Fowler.
15:06 of 3rd period - Goal by Cam Fowler - Avalanche : 3 - Bruins : 3.
15:07 of 3rd period - Ross Colton wins face-off versus Anze Kopitar in neutral zone.
15:15 of 3rd period - Icing by T.J. Brodie.
15:16 of 3rd period - Jonathan Toews wins face-off versus Trevor Zegras in Bruins zone.
15:23 of 3rd period - Shot by Bryan Rust.
15:23 of 3rd period - Shot Misses the Net.
15:25 of 3rd period - Shot by Anze Kopitar.
15:25 of 3rd period - Deflect By Trevor Zegras.
15:25 of 3rd period - Shot Misses the Net.
15:27 of 3rd period - Shot by T.J. Brodie.
15:27 of 3rd period - Deflect By Anze Kopitar.
15:27 of 3rd period - Stopped by Juuse Saros without a rebound.
15:28 of 3rd period - Josh Norris wins face-off versus Charlie Coyle in Avalanche zone.
15:47 of 3rd period - Brady Skjei is hit by Tim Stutzle and loses puck.
15:51 of 3rd period - Icing by Cam Fowler.
15:52 of 3rd period - Tom Wilson wins face-off versus Jonathan Toews in Bruins zone.
16:11 of 3rd period - Shot by Charlie Coyle.
16:11 of 3rd period - Shot Misses the Net.
16:13 of 3rd period - Shot by Charlie Coyle.
16:13 of 3rd period - Shot Misses the Net.
16:26 of 3rd period - Icing by Max Pacioretty.
16:27 of 3rd period - Jonathan Toews wins face-off versus Anze Kopitar in Avalanche zone.
16:36 of 3rd period - Shot by Blake Wheeler.
16:36 of 3rd period - Stopped by Jake Allen without a rebound.
16:37 of 3rd period - Anze Kopitar wins face-off versus Ross Colton in Bruins zone.
16:52 of 3rd period - Shot by Anze Kopitar.
16:52 of 3rd period - Shot Misses the Net.
16:55 of 3rd period - Icing by Tyler Myers.
16:56 of 3rd period - Nicolas Roy wins face-off versus Ross Colton in Avalanche zone.
17:58 of 3rd period - Shot by Mikko Rantanen.
17:58 of 3rd period - Stopped by Jake Allen without a rebound.
17:59 of 3rd period - Jonathan Toews wins face-off versus Anze Kopitar in Bruins zone.
18:26 of 3rd period - Icing by Trevor Zegras.
18:27 of 3rd period - Josh Norris wins face-off versus Anze Kopitar in Bruins zone.
18:32 of 3rd period - Shot by Josh Norris.
18:32 of 3rd period - Stopped by Jake Allen without a rebound.
18:33 of 3rd period - Charlie Coyle wins face-off versus Adam Henrique in Bruins zone.
18:43 of 3rd period - Shot by Mikko Rantanen.
18:43 of 3rd period - Stopped by Jake Allen with a rebound.
19:01 of 3rd period - Icing by Brett Pesce.
19:02 of 3rd period - Tom Wilson wins face-off versus Ross Colton in Bruins zone.
19:12 of 3rd period - Shot by Tom Wilson.
19:12 of 3rd period - Shot Misses the Net.
19:14 of 3rd period - Shot by T.J. Brodie.
19:14 of 3rd period - Goal by T.J. Brodie - Avalanche : 3 - Bruins : 4.
19:15 of 3rd period - Charlie Coyle wins face-off versus Josh Norris in neutral zone.
19:24 of 3rd period - Shot by T.J. Brodie.
19:24 of 3rd period - Stopped by Juuse Saros without a rebound.
19:25 of 3rd period - Charlie Coyle wins face-off versus Josh Norris in Avalanche zone.
19:35 of 3rd period - Minor Penalty to Colton Parayko for Hooking.
19:36 of 3rd period - Jonathan Toews wins face-off versus Anze Kopitar in Avalanche zone.
Goals for this period are 0 for Avalanche vs 2 for Bruins.
Shots for this period are 10 for Avalanche vs 11 for Bruins.